 Dungeon Crawl Stone Soup version 0.27.1-1-g398f81649c (webtiles) character file.

Game seed: 5863114861304345634

338 hawla the Thaumaturge (level 6, 0/37 HPs)
             Began as a Deep Elf Necromancer on Sept 6, 2021.
             Succumbed to a kobold brigand's poison
             ... in a sewer.
             The game lasted 00:08:49 (3275 turns).

hawla the Thaumaturge (Deep Elf Necromancer)        Turns: 3275, Time: 00:08:49

Health: 0/37       AC:  3    Str:  6    XL:     6   Next: 29%
Magic:  4/20       EV: 14    Int: 21    God:
Gold:   90         SH:  0    Dex: 15    Spells: 15/23 levels left

rFire    + . .     SeeInvis .   f - +3 dagger (venom)
rCold    + . .     Faith    .   (no shield)
rNeg     . . .     Spirit   .   a - +0 robe
rPois    +         Reflect  .   k - +0 helmet
rElec    +         Harm     .   (no cloak)
rCorr    +         Rampage  .   (no gloves)
Will     .....                  (no boots)
Stlth    ++........             (no amulet)
HPRegen  0.12/turn              (no ring)
MPRegen  0.17/turn              (no ring)

@: mighty, lethally poisoned (0 -> -2), resistant, very slow
A: no striking features
a: no special abilities


You were in a sewer.
You visited 1 branch of the dungeon, and saw 3 of its levels.
You also visited: Sewer.

You collected 90 gold pieces.

Inventory:

Hand Weapons
 f - a +3 dagger of venom (weapon)
Missiles
 i - a throwing net
Armour
 a - a +0 robe (worn)
 k - a +0 helmet (worn)
Wands
 h - a wand of iceblast (7)
Scrolls
 b - a scroll of fear {unknown}
 e - a scroll of magic mapping


   Skills:
 + Level 3.0 Fighting
 + Level 3.8 Short Blades
 + Level 3.6 Throwing
 + Level 5.3 Dodging
 + Level 6.0 Stealth
 + Level 9.2 Spellcasting
 + Level 7.9 Necromancy
 + Level 4.1 Evocations


You had 15 spell levels left.
You knew the following spells:

 Your Spells              Type           Power      Damage    Failure   Level
a - Pain                  Necr           100%       1d9       1%          1
b - Vampiric Draining     Necr           21%        2d9       1%          3
c - Animate Dead          Necr           21%        N/A       2%          4

Your spell library contained the following spells:

 Spells                   Type           Power      Damage    Failure   Level
 Animate Skeleton         Necr           84%        N/A       1%          1
 Agony                    Necr           42%        N/A       8%          5


Dungeon Overview and Level Annotations

Branches:
Dungeon (3/15)              Sewer (1/1)

Altars:


Message History

Your kobold zombie hits the kobold brigand but does no damage.
The kobold brigand closely misses your kobold zombie.
You hit the kobold brigand.
The kobold brigand is heavily wounded.
* * * LOW HITPOINT WARNING * * *
You feel sick. The kobold brigand barely misses you.
Your kobold zombie hits the kobold brigand but does no damage.
You closely miss the kobold brigand.
The kobold brigand is heavily wounded.
* * * LOW HITPOINT WARNING * * *
You feel sick. The kobold brigand closely misses you.
Your kobold zombie hits the kobold brigand with a +0 club.
It was a potion of experience.
You feel more experienced!
Your Fighting skill gained 3 levels and is now at level 3!
Your Short Blades skill gained 3 levels and is now at level 3!
Your Throwing skill gained 3 levels and is now at level 3!
Your Dodging skill gained 3 levels and is now at level 5!
Your Stealth skill gained 3 levels and is now at level 6!
Your Spellcasting skill gained 4 levels and is now at level 9!
Your Necromancy skill increases to level 7!
Your Evocations skill gained 4 levels and is now at level 4!
You have reached level 6!
Your experience leads to an increase in your attributes!
Increase (S)trength, (I)ntelligence, or (D)exterity?
You feel stronger.
* * * LOW HITPOINT WARNING * * *
You feel sick. The kobold brigand closely misses you.
Unknown command.
* * * LOW HITPOINT WARNING * * *
You feel sick.
Your kobold zombie barely misses the kobold brigand.
You puncture the kobold brigand!
The kobold brigand is poisoned.
The kobold brigand is almost dead.
* * * LOW HITPOINT WARNING * * *
You feel sick.
The kobold brigand completely misses you.
You enter the shallow water.
Moving in this stuff is going to be slow.
You die...

#≈≈...#####≈.≈≈.# ##≈).##
##...## ##≈## ##≈## #≈# #≈#
# #≈# #≈# .# ##≈## ##≈##
#.## ##.≈≈## ##.≈.## #..≈##
#≈∩.≈.#####≈...≈####.≈≈.≈#
≈≈≈.≈∩.≈≈≈≈≈≈≈.≈@.K≈KZ≈..≈.#
###≈≈.≈.#####.....####≈.≈..#
##.≈≈## ##≈≈≈## #..≈## ##≈##
##≈## #≈## #≈# #≈# ≈# ≈# #≈#
# ≈# #≈# #≈# ≈≈.


You could see 2 kobold brigands and a friendly kobold zombie.

Vanquished Creatures
  Robin (D:2)
  3 gnolls (D:2)
  5 adders
  A river rat (Sewer)
  A dart slug (D:1)
  8 ball pythons
  3 endoplasms
  3 giant cockroaches
  10 goblins
  9 hobgoblins
  5 jackals
  14 kobolds
  2 quokkas
  6 bats
  2 frilled lizards (D:2)
  4 rats (D:1)
77 creatures vanquished.

Notes
Turn   | Place    | Note
-------+----------+-------------------------------------------
     0 | D:1      | hawla the Deep Elf Necromancer began the quest for the Orb.
     0 | D:1      | Reached XP level 1. HP: 10/10 MP: 6/6
   140 | D:1      | Reached skill level 5 in Necromancy
   195 | D:1      | Reached XP level 2. HP: 2/15 MP: 1/8
  1203 | D:1      | Reached XP level 3. HP: 15/19 MP: 7/10
  1445 | D:1      | Learned a level 3 spell: Vampiric Draining
  1653 | D:2      | Reached skill level 4 in Spellcasting
  1886 | D:2      | Reached XP level 4. HP: 19/24 MP: 4/12
  1955 | D:2      | Reached skill level 5 in Spellcasting
  1960 | D:2      | Learned a level 4 spell: Animate Dead
  2561 | D:3      | Noticed Robin
  2813 | D:2      | Reached XP level 5. HP: 28/28 MP: 4/14
  2959 | D:2      | Killed Robin
  3100 | D:3      | Found a glowing drain.
  3109 | Sewer    | Entered a sewer
  3272 | Sewer    | Reached skill level 5 in Dodging
  3272 | Sewer    | Reached skill level 9 in Spellcasting
  3272 | Sewer    | Reached XP level 6. HP: 4/37 MP: 3/20
  3275 | Sewer    | Succumbed to a kobold brigand's poison

Illustrated notes

Levels and vault maps discovered:
D:1:      matt_arrival_spirals, layout_basic
D:2:      layout_loops_ring
D:3:      layout_rooms, nicolae_qazlal_style_of_elements, lemuel_tele_altar,
          portal_sewer_entry_a, uniq_robin, uniq_grinder
Sewer:    sewer_co_15_rooms

Skill      XL: |  1  2  3  4  5 |
---------------+----------------+-----
Necromancy     | 5 6 7 |  7.9
Spellcasting   | 4 5 9 |  9.2
Stealth        | 3 6 |  6.0
Fighting       | 3 |  3.0
Short Blades   | 3 |  3.8
Throwing       | 3 |  3.6
Dodging        | 5 |  5.3
Evocations     | 4 |  4.1

Action                   |  1- 3 |  4- 6 || total
-------------------------+-------+-------++-------
Melee: Dagger            |    27 |    55 ||    82
 Cast: Pain              |    44 |     4 ||    48
       Vampiric Draining |     2 |    21 ||    23
       Animate Dead      |       |     3 ||     3
  Use: Scroll            |       |     4 ||     4
       Potion            |       |     3 ||     3
 Stab: Sleeping          |     7 |     3 ||    10
       Distracted        |       |     1 ||     1
Armor: Robe              |     3 |    12 ||    15
Dodge: Dodged            |    23 |    60 ||    83
